 Dungeon Crawl Stone Soup version 0.31.0-9-g3a7656b989 (webtiles) character file.

Game seed: 2331285873619595600

1310 Valeaz the Gusty (level 8, -2/58 HPs)
             Began as a Gnoll Air Elementalist on Jan 31, 2024.
             Slain by Pikel the cane toad (9 damage)
             ... on level 5 of the Dungeon.
             The game lasted 00:10:30 (5845 turns).

Valeaz the Gusty (Gnoll Air Elementalist)           Turns: 5845, Time: 00:10:31

Health: -2/58      AC:  4    Str:  9    XL:     8   Next: 58%
Magic:  4/17       EV: 14    Int: 15    God:
Gold:   210        SH:  0    Dex: 13    Spells: 7/19 levels left

rFire   . . .        y - +0 scythe
rCold   . . .        (shield currently unavailable)
rNeg    . . .        a - +0 robe
rPois   .            t - +0 helmet
rElec   .            (no cloak)
rCorr   .            u - +0 pair of gloves
SInv    .            (no boots)
Will    .....        (no amulet)
Stlth   +++          (no ring)
HPRegen 0.29/turn    (no ring)
MPRegen 0.15/turn

%: no passive effects
@: lethally poisoned (-2 -> -17), hasted, very quick
A: fangs 1, strong nose, distributed training
a: no special abilities


You were on level 5 of the Dungeon.
You visited 1 branch of the dungeon, and saw 6 of its levels.

You collected 210 gold pieces.

Inventory:

Hand Weapons
 y - a +0 scythe (weapon)
Missiles
 q - 10 poisoned darts
Armour
 a - a +0 robe (worn)
 t - a +0 helmet (worn)
 u - a +0 pair of gloves (worn)
Talismans
 n - a flux talisman
Wands
 s - a wand of flame (46)
Scrolls
 c - 3 scrolls of immolation {unknown}
 e - 3 scrolls of identify {unknown}
 g - a scroll of fog {unknown}
 h - a scroll of enchant weapon {unknown}
 i - 2 scrolls of noise {unknown}
 j - a scroll of brand weapon {unknown}
 k - 2 scrolls of teleportation {unknown}
 p - a scroll of vulnerability {unknown}
 v - a scroll of revelation {unknown}
Potions
 b - a potion of enlightenment {unknown}
 d - a potion of degeneration {unknown}
 m - 2 potions of haste
 o - a potion of ambrosia {unknown}
 r - a potion of invisibility {unknown}
 w - a potion of mutation {unknown}


   Skills:
 + Level 3.5 Fighting
 + Level 3.5 Short Blades
 + Level 3.5 Long Blades
 + Level 3.5 Axes
 + Level 3.5 Maces & Flails
 + Level 3.5 Polearms
 + Level 3.5 Staves
 + Level 3.5 Ranged Weapons
 + Level 3.5 Throwing
 + Level 3.5 Armour
 + Level 5.8 Dodging
 + Level 5.5 Stealth
 + Level 3.5 Shields
 + Level 3.5 Unarmed Combat
 + Level 6.2 Spellcasting
 + Level 3.6 Conjurations
 + Level 2.9 Hexes
 + Level 2.9 Summonings
 + Level 2.9 Necromancy
 + Level 2.9 Translocations
 + Level 2.9 Fire Magic
 + Level 2.9 Ice Magic
 + Level 6.2 Air Magic
 + Level 2.9 Earth Magic
 + Level 2.9 Alchemy
 + Level 3.9 Invocations
 + Level 3.5 Evocations
 + Level 3.2 Shapeshifting


You had 7 spell levels left.
You knew the following spells:

 Your Spells              Type           Power      Damage    Failure   Level
a - Shock                 Conj/Air       76%        1d7       1%          1
b - Airstrike             Air            11%        2d(2-18)  11%         4
c - Swiftness             Air            23%        N/A       3%          3
d - Iskenderun's Mystic   Conj/Tloc      14%        2d5       36%         4

Your spell library contained the following spells:

 Spells                   Type           Power      Damage    Failure   Level
 Static Discharge         Conj/Air       38%        3-5/arc   2%          2
 Cigotuvi's Dreadful Rot  Necr/Alch/Air  32%        N/A       4%          2
 Lesser Beckoning         Tloc           26%        N/A       7%          2
 Dazzling Flash           Conj/Hex       28%        N/A       11%         3
 Fugue of the Fallen      Necr           13%        N/A       13%         3
 Gell's Gravitas          Tloc           13%        N/A       13%         3
 Ozocubu's Armour         Ice            13%        N/A       13%         3
 Teleport Other           Tloc           13%        N/A       13%         3
 Tukima's Dance           Hex            13%        N/A       13%         3
 Volatile Blastmotes      Fire/Tloc      26%        2d12      13%         3
 Dimensional Bullseye     Hex/Tloc       6%         N/A       41%         4
 Dispel Undead            Necr           13%        3d9       41%         4
 Manifold Assault         Tloc           13%        N/A       41%         4
 Martyr's Knell           Necr/Summ      13%        N/A       41%         4
 Starburst                Conj/Fire      7%         6d4       99%         6
 Death Channel            Necr           6%         N/A       100%        6
 Maxwell's Capacitive Co  Air            11%        ∞         100%        8


Dungeon Overview and Level Annotations

Branches:
Dungeon (6/15)
 Temple: D:4-7

Altars:
Cheibriados
Fedhas
Gozag
Makhleb
Uskayaw
Vehumet

Shops:
D:1 =

Annotations:
D:5 1 runed translucent door, Pikel; Skimidon's ghost, weakling HuDe


Innate Abilities, Weirdness & Mutations

You have very sharp teeth.
Your uncanny sense of smell can sniff out nearby items.
Your experience applies equally to all skills.


Message History

Throw: dart (curare)
Press: ? - help, Q - select action, (/) - cycle Shift-Dir - straight line, f/p - Pikel
Aim: Pikel the cane toad (moderately wounded, 60% to hit)
You throw a curare-tipped dart. The curare-tipped dart hits Pikel.
Pikel is moderately wounded.
You feel very sick. Pikel stings you!
It was a potion of haste.
You feel yourself speed up.
You feel very sick. Pikel stings you but does no damage.
It was a potion of curing.
You feel better. Pikel misses you.
Pikel is nearby!
Nothing quivered!
You barely miss Pikel.
Pikel is moderately wounded.
Pikel barely misses you.
You puncture Pikel!
Pikel is heavily wounded.
Pikel stings you!!
* * * LOW HITPOINT WARNING * * *
Your magical contamination has completely faded away.
You feel better. Pikel barely misses you.
You closely miss Pikel.
Pikel is heavily wounded.
Pikel stings you!
* * * LOW HITPOINT WARNING * * *
You are lethally poisoned!
Pikel poisons you!
Okay, then.
You slash Pikel!
Pikel is severely wounded.
* * * LOW HITPOINT WARNING * * *
You feel very sick. Pikel closely misses you. Pikel misses you.
You barely miss Pikel.
Pikel is severely wounded.
* * * LOW HITPOINT WARNING * * *
You feel very sick. Pikel stings you!
You die...

#................#...........#
###.)..#####.....#...........#
#....# #.....#...........##
#....# #...................
#(...# #........#+#####....
#....# #..........# #....
#....#####.....#+#### #####
#................######### #.
#...........@............# #.
#...........F.#..........###'
#########'##..#..............
#.....##............. ###
########................. #.#
#........#.#..######.....
#.####..######................
##.......#...##..<.........(...
#.....(###................#####


You could see Pikel the cane toad.

Vanquished Creatures
  Sigmund (D:5)
  Edmund (D:5)
  Menkaure (D:5)
  A centaur (D:5)
  A phantom (D:4)
  2 bullfrogs
  3 scorpions (D:5)
  A hound (D:5)
  A jelly (D:4)
  A bombardier beetle (D:5)
  Jessica (D:3)
  Natasha (thrice) (D:3)
  Robin (D:3)
  12 gnolls
  4 adders
  A shadow imp (D:5)
  4 dart slugs
  A ribbon worm (D:4)
  2 orcs
  A bat (D:3)
  3 endoplasms
  5 giant cockroaches
  14 goblins
  6 hobgoblins
  8 jackals
  4 kobolds
  3 quokkas
  6 ball pythons
  5 frilled lizards
  7 rats
104 creatures vanquished.

Notes
Turn   | Place    | Note
-------+----------+-------------------------------------------
     0 | D:1      | Valeaz the Gnoll Air Elementalist began the quest for the
                  | Orb.
     0 | D:1      | Reached XP level 1. HP: 13/13 MP: 6/6
   129 | D:1      | Found Jyicvad's Jewellery Shop.
   210 | D:1      | Reached XP level 2. HP: 19/19 MP: 5/7
   860 | D:1      | Reached skill level 5 in Spellcasting
   860 | D:1      | Reached XP level 3. HP: 25/25 MP: 4/9
  1370 | D:2      | Reached skill level 1 in Invocations
  1446 | D:2      | Found a snail-covered altar of Cheibriados.
  1688 | D:2      | Found a faded altar of an unknown god.
  1793 | D:3      | Found a hide-covered altar of Uskayaw.
  1887 | D:3      | Reached skill level 1 in Fighting
  1887 | D:3      | Reached skill level 1 in Short Blades
  1887 | D:3      | Reached skill level 1 in Long Blades
  1887 | D:3      | Reached skill level 1 in Axes
  1887 | D:3      | Reached skill level 1 in Maces & Flails
  1887 | D:3      | Reached skill level 1 in Polearms
  1887 | D:3      | Reached skill level 1 in Staves
  1887 | D:3      | Reached skill level 1 in Ranged Weapons
  1887 | D:3      | Reached skill level 1 in Throwing
  1887 | D:3      | Reached skill level 1 in Armour
  1887 | D:3      | Reached skill level 1 in Shields
  1887 | D:3      | Reached skill level 1 in Unarmed Combat
  1887 | D:3      | Reached skill level 1 in Evocations
  1950 | D:3      | Reached skill level 1 in Shapeshifting
  1950 | D:3      | Reached XP level 4. HP: 32/32 MP: 7/11
  1955 | D:3      | Noticed Natasha
  1961 | D:3      | Reached skill level 1 in Hexes
  1961 | D:3      | Reached skill level 1 in Summonings
  1961 | D:3      | Reached skill level 1 in Necromancy
  1961 | D:3      | Reached skill level 1 in Translocations
  1961 | D:3      | Reached skill level 1 in Fire Magic
  1961 | D:3      | Reached skill level 1 in Ice Magic
  1961 | D:3      | Reached skill level 1 in Earth Magic
  1961 | D:3      | Reached skill level 1 in Alchemy
  1965 | D:3      | Killed Natasha
  2044 | D:3      | Learned a level 4 spell: Airstrike
  2048 | D:3      | Learned a level 3 spell: Swiftness
  2053 | D:3      | Learned a level 4 spell: Iskenderun's Mystic Blast
  2354 | D:3      | Noticed Natasha
  2357 | D:3      | Killed Natasha
  2358 | D:3      | Reached XP level 5. HP: 29/37 MP: 5/12
  2469 | D:3      | Found a blossoming altar of Fedhas.
  2570 | D:3      | Noticed Natasha
  2577 | D:3      | Killed Natasha
  2750 | D:3      | Noticed Robin
  2778 | D:3      | Killed Robin
  2919 | D:3      | Found an opulent altar of Gozag.
  2968 | D:3      | Noticed Jessica
  2973 | D:3      | Killed Jessica
  2974 | D:3      | Reached XP level 6. HP: 44/44 MP: 1/13
  3198 | D:4      | Reached skill level 5 in Dodging
  4224 | D:4      | Found a radiant altar of Vehumet.
  4283 | D:5      | Entered Level 5 of the Dungeon
  4299 | D:5      | Reached XP level 7. HP: 39/51 MP: 1/15
  4428 | D:5      | Noticed Sigmund
  4432 | D:5      | Killed Sigmund
  4433 | D:5      | Reached skill level 5 in Stealth
  4961 | D:5      | Reached XP level 8. HP: 50/58 MP: 2/16
  5172 | D:5      | Found a runed translucent door.
  5172 | D:5      | Noticed Edmund
  5382 | D:5      | Noticed Skimidon's ghost (weakling HuDe)
  5478 | D:5      | Noticed Menkaure
  5481 | D:5      | Killed Menkaure
  5598 | D:5      | Killed Edmund
  5714 | D:6      | Found a burning altar of Makhleb.
  5819 | D:6      | Noticed Pikel
  5832 | D:5      | Pikel changed into Pikel the cane toad
  5832 | D:5      | Noticed Pikel
  5845 | D:5      | Slain by Pikel the cane toad

Illustrated notes

Levels and vault maps discovered:
D:1:      heliophobic_arrival_ceremonial_halls, layout_loops_ring, serial_shops,
          nicolae_shop_peninsula
D:2:      layout_basic, basic_ecumenical_altar, basic_altar
D:3:      layout_basic, nicolae_overflow_crystal_walls, grunt_gozag_statues,
          fedhas_altar_2, corexii_shack, hex_intersection, uniq_natasha,
          uniq_robin, uniq_jessica
D:4:      layout_basic, lemuel_round_altar
D:5:      layout_basic, ebering_ghost_sewer_d, uniq_menkaure, uniq_sigmund,
          uniq_edmund
D:6:      layout_loops_ring, nicolae_hepliaklqana_hazy_memory,
          mainiacjoe_overflow_catwalk_spiral, hangedman_decor_points,
          uniq_jeremiah, uniq_pikel

Skill      XL: |  1  2  3  4  5  6  7  8 |
---------------+-------------------------+-----
Conjurations   | 2 3 |  3.6
Spellcasting   | 5 6 |  6.2
Invocations    | 1 2 3 |  3.9
Fighting       | 1 2 3 |  3.5
Short Blades   | 1 2 3 |  3.5
Long Blades    | 1 2 3 |  3.5
Axes           | 1 2 3 |  3.5
Maces & Flails | 1 2 3 |  3.5
Polearms       | 1 2 3 |  3.5
Staves         | 1 2 3 |  3.5
Ranged Weapons | 1 2 3 |  3.5
Throwing       | 1 2 3 |  3.5
Armour         | 1 2 3 |  3.5
Shields        | 1 2 3 |  3.5
Unarmed Combat | 1 2 3 |  3.5
Evocations     | 1 2 3 |  3.5
Shapeshifting  | 1 2 3 |  3.2
Hexes          | 1 2 |  2.9
Summonings     | 1 2 |  2.9
Necromancy     | 1 2 |  2.9
Translocations | 1 2 |  2.9
Fire Magic     | 1 2 |  2.9
Ice Magic      | 1 2 |  2.9
Earth Magic    | 1 2 |  2.9
Alchemy        | 1 2 |  2.9
Dodging        | 5 |  5.8
Stealth        | 5 |  5.5
Air Magic      | 6 |  6.2

Action                     |  1- 3 |  4- 6 |  7- 9 || total
---------------------------+-------+-------+-------++-------
  Melee: War axe           |       |     6 |       ||     6
         Halberd           |       |       |    11 ||    11
         Bite              |       |       |     1 ||     1
  Throw: Dart              |       |       |     4 ||     4
   Cast: Shock             |    71 |   144 |    64 ||   279
         Airstrike         |       |     3 |    11 ||    14
         Iskenderun's Myst |       |       |     1 ||     1
  Evoke: Wand              |       |       |     3 ||     3
    Use: Potion            |       |     1 |     3 ||     4
   Stab: Sleeping          |       |     1 |     1 ||     2
 Armour: Robe              |     3 |    29 |    40 ||    72
  Dodge: Dodged            |     2 |    35 |    47 ||    84
